TOP OF THE 1ST |
Ottawa Fat Cats batting - Pitching for Santa Clarita Music : RHP Dusty Smith
|
Pitching: RHP Dusty Smith
|
|
Batting: RHB Lawrence Howard
|
0-0: Foul Ball, location: 2F 0-1: Called Strike 0-2: Ball 1-2: Ball 2-2: Foul Ball, location: 2F 2-2: Ball 3-2: Foul Ball, location: 2F 3-2: Strikes out swinging
|
Batting: LHB Eric Dillard
|
0-0: Foul Ball, location: 2F 0-1: Called Strike 0-2: Foul Ball, location: 2F 0-2: Ball 1-2: Foul Ball, location: 2F 1-2: Foul Ball, location: 2F 1-2: Fly out, F7 (Flyball, 7S)
|
Batting: RHB Luis Reynoso
|
0-0: Called Strike 0-1: Swinging Strike 0-2: Ball 1-2: Ground out 6-3 (Groundball, 6)
|
Top of the 1st over - 0 run(s), 0 hit(s), 0 error(s), 0 left on base; Ottawa 0 - Santa Clarita 0 |
BOTTOM OF THE 1ST |
Santa Clarita Music batting - Pitching for Ottawa Fat Cats : RHP Steve Sousa
|
Pitching: RHP Steve Sousa
|
|
Batting: RHB Art Cameron
|
0-0: Foul Ball, location: 2F 0-1: Foul Ball, location: 2F 0-2: SOLO HOME RUN (Flyball, 7D), Distance : 388 ft
|
Batting: RHB Travis Colbert
|
0-0: SINGLE (Groundball, 6S) (infield hit)
|
Batting: LHB Rubén Salazar
|
0-0: Ball 1-0: Ball 2-0: Called Strike 2-1: SINGLE (Groundball, 4MD) Travis Colbert to second
|
Batting: RHB Steve Burton
|
0-0: Ball 1-0: Foul Ball, location: 2F 1-1: Ball 2-1: Called Strike 2-2: Strikes out swinging
|
Batting: RHB António Martínez
|
0-0: Ball 1-0: Foul Ball, location: 2F 1-1: Ball 2-1: Fly out, F5 (Popup, 25F)
|
Batting: RHB Ricardo González
|
0-0: Foul Ball, location: 2F 0-1: Ground out 1-3 (Groundball, 13)
|
Bottom of the 1st over - 1 run(s), 3 hit(s), 0 error(s), 2 left on base; Ottawa 0 - Santa Clarita 1 |
TOP OF THE 2ND |
Ottawa Fat Cats batting - Pitching for Santa Clarita Music : RHP Dusty Smith
|
Batting: RHB Ismael Hidalgo
|
0-0: Ball 1-0: Ground out 6-3 (Groundball, 6)
|
Batting: RHB George Green
|
0-0: Ground out 6-3 (Groundball, 6)
|
Batting: LHB Hidalgo García
|
0-0: Called Strike 0-1: Ball 1-1: Ball 2-1: Called Strike 2-2: Ball 3-2: Foul Ball, location: 2F 3-2: Base on Balls
|
Batting: LHB Wayne Rogers
|
0-0: Ground out 4-3 (Groundball, 4)
|
Top of the 2nd over - 0 run(s), 0 hit(s), 0 error(s), 1 left on base; Ottawa 0 - Santa Clarita 1 |
BOTTOM OF THE 2ND |
Santa Clarita Music batting - Pitching for Ottawa Fat Cats : RHP Steve Sousa
|
Batting: RHB Rickey Núñez
|
0-0: Called Strike 0-1: Swinging Strike 0-2: Ball 1-2: Ground out 2-3 (Groundball, 2L)
|
Batting: RHB Adam Gentry
|
0-0: Ball 1-0: Called Strike 1-1: Hit by Pitch
|
Batting: RHB Jake Belcher
|
0-0: Swinging Strike 0-1: Grounds into double play, 5-4-3 (Groundball, 5)
|
Bottom of the 2nd over - 0 run(s), 0 hit(s), 0 error(s), 0 left on base; Ottawa 0 - Santa Clarita 1 |
TOP OF THE 3RD |
Ottawa Fat Cats batting - Pitching for Santa Clarita Music : RHP Dusty Smith
|
Batting: RHB Ramiro Santana
|
0-0: Ball 1-0: Foul Ball, location: 2F 1-1: Swinging Strike 1-2: Ball 2-2: Fly out, F8 (Flyball, 8RM)
|
Batting: LHB Justin Tubridy
|
0-0: Fly out, F8 (Line Drive, 8LM)
|
Batting: RHB Lawrence Howard
|
0-0: Ball 1-0: Swinging Strike 1-1: Fly out, F7 (Flyball, 78S)
|
Top of the 3rd over - 0 run(s), 0 hit(s), 0 error(s), 0 left on base; Ottawa 0 - Santa Clarita 1 |
BOTTOM OF THE 3RD |
Santa Clarita Music batting - Pitching for Ottawa Fat Cats : RHP Steve Sousa
|
Batting: RHB Art Cameron
|
0-0: Ball 1-0: Foul Ball, location: 2F 1-1: Ball 2-1: Ground out 4-3 (Groundball, 4)
|
Batting: RHB Travis Colbert
|
0-0: DOUBLE (Flyball, 8RD)
|
Batting: LHB Rubén Salazar
|
0-0: Called Strike 0-1: Ball 1-1: Ball 2-1: Foul Ball, location: 2F 2-2: Foul Ball, location: 2F 2-2: Foul Ball, location: 2F 2-2: Ground out 6-3 (Groundball, 6)
|
Batting: RHB Steve Burton
|
0-0: Ball 1-0: Called Strike 1-1: Swinging Strike 1-2: Strikes out looking
|
Bottom of the 3rd over - 0 run(s), 1 hit(s), 0 error(s), 1 left on base; Ottawa 0 - Santa Clarita 1 |
TOP OF THE 4TH |
Ottawa Fat Cats batting - Pitching for Santa Clarita Music : RHP Dusty Smith
|
Batting: LHB Eric Dillard
|
0-0: Called Strike 0-1: Ground out 4-3 (Groundball, 4MD)
|
Batting: RHB Luis Reynoso
|
0-0: Ball 1-0: Ground out 6-3 (Groundball, 6)
|
Batting: RHB Ismael Hidalgo
|
0-0: Called Strike 0-1: Foul Ball, location: 2F 0-2: Foul Ball, location: 2F 0-2: Ball 1-2: Foul Ball, location: 2F 1-2: Ball 2-2: Foul Ball, location: 2F 2-2: Fly out, F9 (Flyball, 9M)
|
Top of the 4th over - 0 run(s), 0 hit(s), 0 error(s), 0 left on base; Ottawa 0 - Santa Clarita 1 |
BOTTOM OF THE 4TH |
Santa Clarita Music batting - Pitching for Ottawa Fat Cats : RHP Steve Sousa
|
Batting: RHB António Martínez
|
0-0: Ball 1-0: Ball 2-0: Foul Ball, location: 2F 2-1: Ball 3-1: Foul Ball, location: 2F 3-2: SINGLE (Groundball, 6M)
|
Batting: RHB Ricardo González
|
0-0: Ball 1-0: Ground out 5-3 (Groundball, 15S) António Martínez to second
|
Batting: RHB Rickey Núñez
|
0-0: Ball 1-0: DOUBLE (Line Drive, 89D) António Martínez scores
|
Batting: RHB Adam Gentry
|
0-0: Called Strike 0-1: Ball 1-1: Ball 2-1: Foul Ball, location: 2F 2-2: Hit by Pitch
|
Batting: RHB Jake Belcher
|
0-0: Ball 1-0: Ball 2-0: Called Strike 2-1: Grounds into double play, 6-4-3 (Groundball, 6)
|
Bottom of the 4th over - 1 run(s), 2 hit(s), 0 error(s), 1 left on base; Ottawa 0 - Santa Clarita 2 |
TOP OF THE 5TH |
Ottawa Fat Cats batting - Pitching for Santa Clarita Music : RHP Dusty Smith
|
Batting: RHB George Green
|
0-0: SINGLE (Groundball, 4M)
|
Batting: LHB Hidalgo García
|
0-0: Foul Ball, location: 2F 0-1: Called Strike 0-2: Strikes out swinging
|
Batting: LHB Wayne Rogers
|
0-0: Called Strike 0-1: Foul Ball, location: 2F 0-2: Strikes out looking
|
Batting: RHB Ramiro Santana
|
0-0: Ball George Green is caught stealing 2nd base
|
Top of the 5th over - 0 run(s), 1 hit(s), 0 error(s), 0 left on base; Ottawa 0 - Santa Clarita 2 |
BOTTOM OF THE 5TH |
Santa Clarita Music batting - Pitching for Ottawa Fat Cats : RHP Steve Sousa
|
Batting: RHB Art Cameron
|
0-0: Ball 1-0: Called Strike 1-1: Foul Ball, location: 2F 1-2: Foul Ball, location: 2F 1-2: Foul Ball, location: 2F 1-2: Ball 2-2: Ball 3-2: Ground out U3 (Groundball, 3L)
|
Batting: RHB Travis Colbert
|
0-0: Ball 1-0: Swinging Strike 1-1: Ball 2-1: Foul Ball, location: 2F 2-2: Reached on Error, E8 (Flyball, 8RM)
|
Batting: LHB Rubén Salazar
|
0-0: Called Strike Travis Colbert steals 2nd base 0-1: Called Strike 0-2: Ball 1-2: Foul Ball, location: 2F 1-2: SINGLE (Flyball, 7LM) Travis Colbert to third Runner from 3rd tries for Home, SAFE, no throw or cutoff
|
Pitching: RHP Gerardo Medina
|
|
Batting: RHB Steve Burton
|
0-0: Swinging Strike 0-1: Ball 1-1: Ball 2-1: Ball Wild Pitch! Rubén Salazar to second 3-1: DOUBLE (Flyball, 89D) Rubén Salazar scores
|
Batting: RHB António Martínez
|
0-0: Intentional Walk
|
Batting: RHB Ricardo González
|
0-0: Fly out, F8 (Flyball, 8RXD) Runner from 2nd tags up, SAFE at 3rd, no throw
|
Batting: RHB Rickey Núñez
|
0-0: Fly out, F9 (Flyball, 89M)
|
Bottom of the 5th over - 2 run(s), 2 hit(s), 1 error(s), 2 left on base; Ottawa 0 - Santa Clarita 4 |
TOP OF THE 6TH |
Ottawa Fat Cats batting - Pitching for Santa Clarita Music : RHP Dusty Smith
|
Batting: RHB Ramiro Santana
|
0-0: Called Strike 0-1: SINGLE (Groundball, 4MD)
|
Batting: LHB Justin Tubridy
|
0-0: Foul Ball, location: 2F 0-1: Called Strike Ramiro Santana steals 2nd base 0-2: Ball 1-2: Foul Ball, location: 2F 1-2: Ground out U3 (Groundball, 3L) Ramiro Santana to third
|
Batting: RHB Lawrence Howard
|
0-0: Ball 1-0: Called Strike 1-1: Ball 2-1: DOUBLE (Line Drive, 7M) Ramiro Santana scores
|
Batting: LHB Eric Dillard
|
0-0: Swinging Strike 0-1: Ball 1-1: Ball 2-1: Foul Ball, location: 2F 2-2: Ball 3-2: Ground out 6-3 (Groundball, 6MS) Lawrence Howard to third
|
Batting: RHB Luis Reynoso
|
0-0: Ball 1-0: Called Strike 1-1: SINGLE (Line Drive, 7LS) Lawrence Howard scores
|
Batting: RHB Ismael Hidalgo
|
0-0: Called Strike 0-1: Swinging Strike 0-2: Ball 1-2: Ball 2-2: Ball 3-2: Base on Balls Luis Reynoso to second
|
Pitching: LHP Jorge Gatán
|
|
Batting: RHB George Green
|
0-0: Foul Ball, location: 2F 0-1: Ball 1-1: Ball 2-1: Ball 3-1: Base on Balls Luis Reynoso to third Ismael Hidalgo to second
|
Batting: LHB Hidalgo García
|
0-0: Ball 1-0: Foul Ball, location: 2F 1-1: Fly out, F8 (Flyball, 8RM)
|
Top of the 6th over - 2 run(s), 3 hit(s), 0 error(s), 3 left on base; Ottawa 2 - Santa Clarita 4 |
BOTTOM OF THE 6TH |
Santa Clarita Music batting - Pitching for Ottawa Fat Cats : RHP Gerardo Medina
|
Batting: RHB Adam Gentry
|
0-0: Called Strike 0-1: Called Strike 0-2: Ball 1-2: Strikes out swinging
|
Batting: RHB Jake Belcher
|
0-0: Foul Ball, location: 2F 0-1: Swinging Strike 0-2: Fly out, F8 (Flyball, 78XD)
|
Batting: RHB Art Cameron
|
0-0: Called Strike 0-1: Ball 1-1: Foul Ball, location: 2F 1-2: Ball 2-2: SINGLE (Groundball, 4M)
|
Batting: RHB Travis Colbert
|
0-0: Ball 1-0: Ball 2-0: Ball Art Cameron steals 2nd base 3-0: Base on Balls
|
Batting: LHB Rubén Salazar
|
0-0: Hit by Pitch Art Cameron to third Travis Colbert to second
|
Pinch Runner at 1st Stan Gómez:
|
|
Batting: RHB Steve Burton
|
0-0: Swinging Strike 0-1: Ground out 1-3 (Groundball, 15)
|
Bottom of the 6th over - 0 run(s), 1 hit(s), 0 error(s), 3 left on base; Ottawa 2 - Santa Clarita 4 |
TOP OF THE 7TH |
Ottawa Fat Cats batting - Pitching for Santa Clarita Music : LHP Jorge Gatán
|
Now in RF: Stan Gómez
|
|
Batting: LHB Wayne Rogers
|
0-0: Foul Ball, location: 2F 0-1: Fly out, F6 (Popup, 56)
|
Batting: RHB Ramiro Santana
|
0-0: Ball 1-0: Swinging Strike 1-1: Swinging Strike 1-2: Strikes out swinging
|
Batting: LHB Justin Tubridy
|
0-0: Called Strike 0-1: Ground out 4-3 (Groundball, 4)
|
Top of the 7th over - 0 run(s), 0 hit(s), 0 error(s), 0 left on base; Ottawa 2 - Santa Clarita 4 |
BOTTOM OF THE 7TH |
Santa Clarita Music batting - Pitching for Ottawa Fat Cats : RHP Gerardo Medina
|
Batting: RHB António Martínez
|
0-0: Called Strike 0-1: Fly out, F9 (Flyball, 9M)
|
Pitching: RHP Clinton King
|
|
Batting: RHB Ricardo González
|
0-0: Swinging Strike 0-1: Ball 1-1: Foul Ball, location: 2F 1-2: Strikes out looking
|
Batting: RHB Rickey Núñez
|
0-0: Fly out, F9 (Flyball, 9LSF)
|
Bottom of the 7th over - 0 run(s), 0 hit(s), 0 error(s), 0 left on base; Ottawa 2 - Santa Clarita 4 |
TOP OF THE 8TH |
Ottawa Fat Cats batting - Pitching for Santa Clarita Music : LHP Jorge Gatán
|
Batting: RHB Lawrence Howard
|
0-0: Ball 1-0: Reached on error, E5 (Groundball, 5L)
|
Pitching: RHP Arthur Kemp
|
|
Batting: LHB Eric Dillard
|
0-0: Ball 1-0: Called Strike 1-1: Ball 2-1: Foul Ball, location: 2F 2-2: Fielders Choice at 2nd, 4-6 (Groundball, 4)
|
Pitching: RHP Daniel De Jesús
|
|
Batting: RHB Luis Reynoso
|
0-0: Called Strike 0-1: Grounds into double play, 6-4-3 (Groundball, 6)
|
Top of the 8th over - 0 run(s), 0 hit(s), 1 error(s), 0 left on base; Ottawa 2 - Santa Clarita 4 |
BOTTOM OF THE 8TH |
Santa Clarita Music batting - Pitching for Ottawa Fat Cats : RHP Clinton King
|
Batting: RHB Adam Gentry
|
0-0: Ball 1-0: Ball 2-0: Called Strike Reached via error on a dropped throw, E1
|
Batting: RHB Jake Belcher
|
0-0: Bunted foul 0-1: Sac Bunt - play at first, batter OUT! 1-4 Adam Gentry to second
|
Batting: RHB Art Cameron
|
0-0: Ball 1-0: Foul Ball, location: 2F 1-1: Called Strike Adam Gentry steals 3rd base 1-2: Reached on error, E6 (Groundball, 6) Adam Gentry scores
|
Batting: RHB Travis Colbert
|
0-0: Ball Art Cameron steals 2nd base 1-0: Intentional Walk
|
Batting: SHB Stan Gómez
|
0-0: Called Strike 0-1: Called Strike 0-2: Strikes out looking
|
Batting: RHB Steve Burton
|
0-0: Ball 1-0: Called Strike 1-1: Ball 2-1: Foul Ball, location: 2F 2-2: Ball 3-2: Foul Ball, location: 2F 3-2: Base on Balls Art Cameron to third Travis Colbert to second
|
Batting: RHB António Martínez
|
0-0: Foul Ball, location: 2F 0-1: Ball 1-1: Ball 2-1: Foul Ball, location: 2F 2-2: Strikes out swinging
|
Bottom of the 8th over - 1 run(s), 0 hit(s), 2 error(s), 3 left on base; Ottawa 2 - Santa Clarita 5 |
TOP OF THE 9TH |
Ottawa Fat Cats batting - Pitching for Santa Clarita Music : RHP Daniel De Jesús
|
Pitching: RHP Miguel Reyes
|
|
Batting: RHB Ismael Hidalgo
|
0-0: Fly out, F2 (Popup, 2RF)
|
Batting: RHB George Green
|
0-0: Ball 1-0: Ball 2-0: Foul Ball, location: 2F 2-1: Swinging Strike 2-2: Foul Ball, location: 2F 2-2: Strikes out looking
|
Batting: LHB Hidalgo García
|
0-0: Called Strike 0-1: Foul Ball, location: 2F 0-2: Ball 1-2: Ball 2-2: Strikes out swinging
|
Top of the 9th over - 0 run(s), 0 hit(s), 0 error(s), 0 left on base; Ottawa 2 - Santa Clarita 5 |
|